 Dungeon Crawl Stone Soup version 0.27.1 (webtiles) character file.

Game seed: 5072538288728302891

44 pkoi the Ruffian (level 3, 0/31 HPs)
             Began as a Draconian Monk on Aug 25, 2021.
             Slain by Natasha (8 damage)
             ... on level 1 of the Dungeon.
             The game lasted 00:01:55 (1210 turns).

pkoi the Ruffian (Draconian Monk)                   Turns: 1210, Time: 00:01:55

Health: 0/31       AC:  5    Str: 20    XL:     3   Next: 39%
Magic:  3/3        EV: 12    Int: 10    God:
Gold:   59         SH:  0    Dex: 13    Spells: 2/2 levels left

rFire    . . .     SeeInvis .     - Unarmed
rCold    . . .     Faith    .   (no shield)
rNeg     . . .     Spirit   .   (armour unavailable)
rPois    .         Reflect  .   (helmet restricted)
rElec    .         Harm     .   (no cloak)
rCorr    .         Rampage  .   (no gloves)
Will     .....                  (no boots)
Stlth    ++........             (no amulet)
HPRegen  0.10/turn              g - +6 ring of strength
MPRegen  0.08/turn              (no ring)

@: slowed, very slow
A: AC +5, unfitting armour, cold-blooded
a: no special abilities


You were on level 1 of the Dungeon.
You visited 1 branch of the dungeon, and saw 2 of its levels.

You collected 59 gold pieces.

Inventory:

Missiles
 d - 7 poisoned darts (quivered)
Jewellery
 g - a +6 ring of strength (left hand)
Scrolls
 c - a scroll of teleportation {unknown}
 f - a scroll of noise {unknown}
 h - a scroll of immolation {unknown}
Potions
 a - a potion of might {unknown}
 b - a potion of brilliance {unknown}
 e - a potion of haste {unknown}


   Skills:
 - Level 3.2 Fighting
 - Level 2.6 Dodging
 - Level 1.7 Stealth
 + Level 4.5 Unarmed Combat


You had 2 spell levels left.
You didn't know any spells.
Your spell library contained the following spells:

 Spells                   Type           Power      Damage    Failure   Level
 Foxfire                  Conj/Fire      0%         2x1d4     36%         1
 Corpse Rot               Necr/Air       N/A        N/A       50%         2
 Conjure Flame            Conj/Fire      0%         6-21      75%         3
 Inner Flame              Hex/Fire       0%         N/A       75%         3
 Dispel Undead            Necr           0%         3d6       98%         4
 Death Channel            Necr           0%         N/A       100%        6


Dungeon Overview and Level Annotations

Branches:
Dungeon (2/15)

Altars:

Annotations:
D:1 Natasha


Innate Abilities, Weirdness & Mutations

Your plain brown scales are hard. (AC +5)
You cannot fit into any form of body armour.
You are cold-blooded and may be slowed by cold attacks.


Message History

You throw a poisoned dart. The poisoned dart hits Natasha.
Natasha casts a spell at you.
You feel yourself slow down.
The goblin shoots a stone.
The stone hits you.
Throw: 10 darts (poison)
Press: ? - help, Q - select action Shift-Dir - straight line, f/p - Natasha
Aim: Natasha (50% to hit)
You throw a poisoned dart. The poisoned dart hits Natasha.
Natasha is poisoned.
Natasha drinks a potion.
Natasha is healed!
Natasha looks more healthy.
Throw: 9 darts (poison)
Press: ? - help, Q - select action Shift-Dir - straight line, f/p - Natasha
Aim: Natasha (50% to hit)
You throw a poisoned dart. The poisoned dart misses Natasha.
Natasha wildly gestures.
Natasha's front paws start to glow.
The goblin shoots a stone.
The stone barely misses you.
Throw: 8 darts (poison)
Press: ? - help, Q - select action Shift-Dir - straight line, f/p - Natasha
Aim: Natasha (50% to hit)
You throw a poisoned dart.
The poisoned dart closely misses Natasha.
The poisoned dart hits the goblin.
The goblin is poisoned.
You kill the goblin!
Natasha stares at you and mumbles some strange words.
The magic dart hits you.
* * * LOW HITPOINT WARNING * * *
Natasha mumbles some strange words.
Natasha closely misses you.
You climb upwards.
The crimson imp disappears in a puff of smoke!
There is a stone staircase leading down here.
You barely miss Natasha. Natasha barely misses you.
You punch Natasha!
Natasha is severely wounded.
Natasha closely misses you.
You hit Natasha but do no damage. You tail-slap Natasha.
Natasha is almost dead.
Natasha claws you!
* * * LOW HITPOINT WARNING * * *
Natasha claws you!
You die...

##### ######### #...#
#.......# #...## #.......#
######### #..... #.......#
#.......###.....
#.......###.........##....
#.............÷...........
#.........#.......#.......
#........@h÷..............
#..........##....##...#.##
#..........##....##.#.#.#
########...##....##.#...##
#...##...###...+..#....#
#...###....+...+###....#
#...########...........#
###.....................##
#.........#.............#


You could see Natasha.

Vanquished Creatures
  5 endoplasms (D:1)
  4 giant cockroaches
  3 hobgoblins
  4 jackals (D:1)
  3 quokkas (D:1)
  2 ball pythons (D:1)
  4 bats
  4 frilled lizards (D:1)
  3 goblins
  3 kobolds (D:1)
  4 rats
39 creatures vanquished.

Notes
Turn   | Place    | Note
-------+----------+-------------------------------------------
     0 | D:1      | pkoi the Draconian Monk began the quest for the Orb.
     0 | D:1      | Reached XP level 1. HP: 19/19 MP: 1/1
   139 | D:1      | Reached XP level 2. HP: 19/26 MP: 2/2
   558 | D:1      | Reached skill level 4 in Unarmed Combat
   828 | D:1      | Reached XP level 3. HP: 29/31 MP: 3/3
  1084 | D:2      | Found a faded altar of an unknown god.
  1194 | D:2      | Noticed Natasha
  1210 | D:1      | Slain by Natasha

Illustrated notes

Levels and vault maps discovered:
D:1:      lemuel_arrival_rhombus, layout_basic
D:2:      layout_basic, shapermc_ecumenical_altar_pompeii, serial_shops,
          nicolae_shop_window_shopping, kennysheep_pointless_box,
          minmay_pentomino_u4, uniq_natasha

Skill      XL: |  1  2 |
---------------+-------+-----
Unarmed Combat | 4 |  4.5
Fighting       | |  3.2
Dodging        | |  2.6
Stealth        | |  1.7

Action                   || total
-------------------------++-------
Melee: Unarmed           ||   115
       Tailslap          ||    15
Throw: Dart              ||     4
 Stab: Sleeping          ||     6
Armor: Skin              ||    34
Dodge: Dodged            ||    84
